 Dungeon Crawl Stone Soup version 0.16-a0-286-g6bac339 (webtiles) character file.

105 Kashira the Gusty (level 4, -3/24 HPs)
             Began as a Tengu Air Elementalist on Aug 28, 2014.
             Killed from afar by an orc wizard (8 damage)
             ... with a magic dart
             ... on Level 3 of the Dungeon.
             The game lasted 00:10:03 (1978 turns).

Kashira the Gusty (Tengu Air Elementalist)          Turns: 1978, Time: 00:10:04

HP  -3/24        AC  4     Str  8      XL: 4   Next: 83%
MP   7/9         EV 13     Int 15      God:
Gold 78          SH  0     Dex 16      Spells:  3 memorised,  3 levels left

rFire  . . .     SeeInvis .     k - +0 whip
rCold  . . .     Clarity  .     a - +0 robe
rNeg   + . .     rCorr    .     (no shield)
rPois  .         rRot     .     (helmet restricted)
rElec  .         Spirit   .     d - +0 cloak
SustAb .         Warding  .     p - +0 pair of gloves
rMut   .         Stasis   .     (boots unavailable)
Gourm  .                        (no amulet)
MR     .....                    (no ring)
                                f - ring of positive energy

@: not resistant to hostile enchantments, unstealthy
A: beak, talons 3
a: no special abilities


You were on level 3 of the Dungeon.
You were hungry.

You visited 1 branch of the dungeon, and saw 3 of its levels.

You collected 78 gold pieces.

Inventory:

Hand weapons
 k - a +0 whip (weapon)
Missiles
 o - 35 poisoned needles
 q - 6 tomahawks (quivered)
Armour
 a - a +0 robe (worn)
 d - a +0 cloak (worn)
 p - a +0 pair of gloves (worn)
Magical devices
 m - a wand of fireball (4)
Comestibles
 c - a bread ration
 g - 2 chunks of orc flesh
 i - a beef jerky
Scrolls
 j - a scroll of blinking {unknown}
 l - a scroll of identify
 n - 2 scrolls of teleportation {unknown}
 r - 2 scrolls of enchant weapon {unknown}
Jewellery
 f - a ring of positive energy (left hand)
Potions
 e - a potion of haste
 h - a potion of heal wounds {unknown}
 s - a potion of poison {unknown}
Books
 b - a book of Air

   Spells                             Type                      Level
   *Shock                             Conjuration/Air              1
   *Swiftness                         Charms/Air                   2
   *Repel Missiles                    Charms/Air                   2
   Flight                             Charms/Air                   3
   Static Discharge                   Conjuration/Air              3
   Lightning Bolt                     Conjuration/Air              5


   Skills:
 + Level 0.2 Fighting
 + Level 3.1 Dodging
 + Level 2.1 Stealth
 + Level 2.7 Spellcasting
 + Level 2.3 Conjurations
 + Level 5.3 Air Magic


You had 3 spell levels left.
You knew the following spells:

 Your Spells              Type           Power        Failure   Level  Hunger
a - Shock                 Conj/Air       ##..         4%          1    #......
b - Swiftness             Chrm/Air       ##......     12%         2    ##.....
c - Repel Missiles        Chrm/Air       ##....       12%         2    ##.....


Dungeon Overview and Level Annotations

Branches:
Dungeon (3/15)

Altars:

Annotations:
D:3 Grinder


Innate Abilities, Weirdness & Mutations

You have a beak for a mouth.
You have claws for feet.


Message History

The zap hits the orc wizard.
The orc wizard is lightly wounded.
The goblin moves out of view.
The orc wizard points at you and mumbles some strange words.
The puff of frost hits you!
Casting: Shock
Confirm with . or Enter, or press ? or * to list all spells.
Aiming: Shock
Press: ? - help, Shift-Dir - straight line, f/p - orc wizard
Aim: an orc wizard, wielding a dagger and wearing a robe (lightly wounded, fast)
The zap misses the orc wizard.
The orc wizard points at you and mumbles some strange words.
The puff of flame hits you!
* * * LOW HITPOINT WARNING * * *
The orc wizard glows brightly for a moment.
The orc wizard casts a spell.
You feel troubled. The orc wizard casts a spell at you.
The magic dart hits you!
You die...

.#####..#.####.#.# #.#
..........##...#.# #.#
.#####o..........# #.#
...............#####.#
#########.###........#
#.# #.########
##(###.#
#......##########
#%###..).@.o....# #.
#..########.# #.###.##
#.# #.....# #.#
###.### #o# #.# ##.##
#.# ##...##
##########.#
#.....####
#..........#
#........#


You could see an orc wizard.

Vanquished Creatures
  An orc wizard (D:3)
  2 adders
  A worm (D:2)
  2 giant geckos
  An ooze (D:2)
  2 orcs (D:3)
  2 ball pythons
  6 bats
  4 goblins
  3 hobgoblins
  7 jackals
  3 giant newts
  7 kobolds
  8 rats
49 creatures vanquished.

Notes
Turn   | Place    | Note
--------------------------------------------------------------
     0 | D:1      | Kashira, the Tengu Air Elementalist, began the quest for the Orb.
     0 | D:1      | Reached XP level 1. HP: 10/10 MP: 3/3
   123 | D:1      | Reached XP level 2. HP: 12/15 MP: 1/5
   551 | D:1      | Reached XP level 3. HP: 19/19 MP: 4/7
   572 | D:1      | Learned a level 2 spell: Swiftness
   575 | D:1      | Learned a level 2 spell: Repel Missiles
  1114 | D:2      | Reached skill level 5 in Air Magic
  1323 | D:2      | Reached XP level 4. HP: 24/24 MP: 0/9
  1907 | D:3      | Noticed Grinder
  1978 | D:3      | Killed from afar by an orc wizard

Action                   |  1- 3 |  4- 6 || total
-------------------------+-------+-------++-------
Melee: Unarmed           |    21 |       ||    21
       Whip              |    21 |     1 ||    22
Throw: Tomahawk          |     1 |     7 ||     8
 Cast: Shock             |    78 |    29 ||   107
  Use: Potion            |     1 |     1 ||     2
       Scroll            |       |     2 ||     2
  Eat: Chunk             |     2 |     2 ||     4
